cohdb
Replays
Latest Replays
All Replays
Popular Replays
Top Player Replays
Match Explorer
How It Works
Community
CoH3 Stats
Reddit
Sign in to upload your games and track your stats! →
Sign in with Steam
Match 43976346
Unlisted
Match 43976346
Overview
Messages
Build Orders
End
Kettenkrad Recon Vehicle
Construct Infanterie Kompanie
Grenadier Squad
Grenadier Squad
Grenadier Squad
Grenadier Squad
Infanterie Officer Quarters
Construct Panzergrenadier Kompanie
251 Medium Carrier
Selects Terror Battlegroup
Selects Heavy Gunnery
Selects Defend the Fatherland
Pak 40 Anti-tank Gun Team
MG 42 Bunker
cbigney
魂归来兮
Beairix schwire
ionwood
ElakeFisk
just a LLAMA
오렌지플래닛
祈鱼
0
0
Comments
sign in to comment!
No comments posted yet!